 Dungeon Crawl Stone Soup version 0.20.1-1-g8b1a95d (webtiles) character file.

10917 graki42 the Thaumaturge (level 11, -13/56 HPs)
             Began as a Deep Elf Fire Elementalist on Aug 10, 2017.
             Was a Believer of Vehumet.
             Killed from afar by Josephine (26 damage)
             ... with a ghostly fireball
             ... on level 10 of the Dungeon.
             The game lasted 01:01:52 (9600 turns).

graki42 the Thaumaturge (DEFE)                      Turns: 9600, Time: 01:01:53

Health: -13/56     AC: 11    Str:  7    XL:     11   Next: 42%
Magic:  17/30      EV: 14    Int: 25    God:    Vehumet [**....]
Gold:   591        SH:  2    Dex: 15    Spells: 19/36 levels left

rFire    . . .     SeeInvis .   s - staff of conjuration
rCold    . . .     Gourm    .   (no shield)
rNeg     . . .     Faith    .   E - +0 troll leather armour
rPois    .         Spirit   .   Y - +1 helmet {Int+3}
rElec    .         Reflect  +   (no cloak)
rCorr    .         Harm     .   n - +0 pair of gloves
MR       ++...                  C - +0 pair of boots
Stlth    ++........             l - +2 amulet of reflection
Regen    0.6/turn               J - ring of protection from magic
MPRegen  0.3/turn               U - +3 ring of protection

@: heavily drained
A: no striking features
a: Renounce Religion


You were on level 10 of the Dungeon.
You worshipped Vehumet.
Vehumet was pleased with you.
You were very hungry.

You visited 2 branches of the dungeon, and saw 12 of its levels.
You also visited: Sewer.

You collected 591 gold pieces.

Inventory:

Hand Weapons
 O - the +2 flail "Wyaval" {pain, SInv}
   (You found it on level 8 of the Dungeon)

   In the hands of one skilled in necromantic magic, it inflicts extra damage on
   living creatures.
   It lets you see invisible.
Missiles
 j - 200 stones (quivered)
Armour
 n - a +0 pair of gloves (worn)
 C - a +0 pair of boots (worn)
 E - a +0 troll leather armour (worn)
 X - the +6 scale mail "Dufus" {Str+4}
   (You found it on level 9 of the Dungeon)

   It affects your strength (+4).
 Y - a +1 helmet of intelligence (worn)
Magical Staves
 s - an uncursed staff of conjuration (weapon)
 H - an uncursed staff of power
Jewellery
 l - a +2 amulet of reflection (around neck)
 J - a ring of protection from magic (left hand)
 U - a +3 ring of protection (right hand)
Wands
 m - a wand of iceblast (6/15)
 p - a wand of iceblast (5/15)
 t - a wand of disintegration (13/24)
 D - a wand of confusion (9/48)
 N - a wand of confusion (27/48)
 Q - a wand of confusion (17/48)
 V - a wand of lightning (6/15)
 Z - a wand of acid (5/15)
Scrolls
 e - 3 scrolls of amnesia
 f - 5 scrolls of identify
 g - 3 scrolls of fear
 o - 2 scrolls of blinking {unknown}
 q - 7 scrolls of teleportation
 u - 4 scrolls of recharging {unknown}
 v - a scroll of immolation {unknown}
 y - 4 scrolls of remove curse
 A - a scroll of magic mapping {unknown}
 G - a scroll of enchant weapon {unknown}
 M - a scroll of acquirement {unknown}
 P - a scroll of torment {unknown}
 R - a scroll of random uselessness {unknown}
 S - a scroll of enchant armour
Potions
 a - 2 potions of flight
 i - 2 potions of curing
 k - 6 potions of brilliance
 r - a potion of agility
 w - 2 potions of magic
 x - a potion of haste
 z - a potion of mutation
 K - 4 potions of lignification
 L - a potion of berserk rage {unknown}
 T - 4 potions of heal wounds {unknown}
 W - a potion of resistance {unknown}
Books
 b - a book of Flames

   Spells                             Type                      Level
   a - Flame Tongue                   Conjuration/Fire             1
   b - Throw Flame                    Conjuration/Fire             2
   c - Conjure Flame                  Conjuration/Fire             3
   d - Inner Flame                    Hexes/Fire                   3
   e - Sticky Flame                   Conjuration/Fire             4
   f - Fireball                       Conjuration/Fire             5
 I - a book of Changes

   Spells                             Type                      Level
   a - Beastly Appendage              Transmutation                1
   b - Sticks to Snakes               Transmutation                2
   c - Spider Form                    Transmutation/Poison         3
   d - Ice Form                       Ice/Transmutation            4
   e - Blade Hands                    Transmutation                5
Comestibles
 c - 11 bread rations
 d - 7 meat rations
 B - 7 royal jellies
 F - 20 fruits


   Skills:
 + Level 1.6(0.5) Fighting
 - Level 1.9(0.9) Maces & Flails
 + Level 0.6(0.7) Staves
 + Level 3.0(1.9) Armour
 + Level 5.8(4.6) Dodging
 + Level 5.2(4.0) Stealth
 + Level 13.1(11.6) Spellcasting
 + Level 8.6(7.3) Conjurations
 + Level 3.2(2.1) Hexes
 + Level 11.0(9.5) Fire Magic
 + Level 1.9(0.8) Earth Magic


You had 19 spell levels left.
You knew the following spells:

 Your Spells              Type           Power        Failure   Level  Hunger
a - Flame Tongue          Conj/Fire      #####        1%          1    None
b - Conjure Flame         Conj/Fire      ######..     1%          3    None
c - Inner Flame           Hex/Fire       #####...     1%          3    None
d - Sticky Flame          Conj/Fire      ######..     1%          4    None
e - Fireball              Conj/Fire      ######....   4%          5    ###....
f - Sandblast             Erth           ###...       4%          1    None


Dungeon Overview and Level Annotations

Branches:
Dungeon (11/15)            Temple (1/1) D:7            Lair (0/6) D:9
    Orc (0/2) D:10

Altars:
Ashenzari
Dithmenos
Elyvilon
Fedhas
Gozag
Hepliaklqana
Nemelex Xobeh
Okawaru
Qazlal
Ru
Sif Muna
Trog
Uskayaw
Vehumet
Xom
Yredelemnul
Zin
The Shining One

Shops:
D:8 %   D:10 [

Annotations:
D:10 Josephine


Message History

Josephine is severely wounded.
Josephine is covered in liquid flames!
Josephine burns!
Josephine screams, "Die!"
Josephine barely misses you.
Josephine burns!
Josephine hits you with a dagger.
* * * LOW HITPOINT WARNING * * *
You climb upwards.
There is a stone staircase leading down here.
Casting: Sticky Flame
Confirm with . or Enter, or press ? or * to list all spells.
Aiming: Sticky Flame
Press: ? - help, Shift-Dir - straight line, f - Josephine
Aim: Josephine, wielding a dagger and wearing a robe (almost dead, covered in liquid flames)
You feel a surge of power!
The sticky flame hits Josephine.
Josephine is almost dead.
You are feeling very hungry.
Josephine burns!
Josephine points at you and mumbles some strange words.
The ghostly flame explodes!
The ghostly fireball engulfs you!
You feel drained.
You die...

#....#..##....##....##...
#....'..#.....##....##...
#....#..########....##.).
#....####......#....##.))
#........<.....#######..)
#....................#...
#....................#...
#......@.######......#...
#.......@# #......####
########## #..........
#######..........
#................
#................
#............##..
#............'##.
#.............#..
#.............'.8


You could see Josephine (burning).

Vanquished Creatures
  The ghost of Fingolfin the Fighter, a journeyman FoFi of Okawaru (D:8)
  A two-headed ogre (D:7)
  The ghost of ConnectionFaild the Carver, a novice OpFi of Dithmenos (D:7)
  A troll (D:8)
  2 hornets (D:8)
  Prince Ribbit (D:7)
  3 polar bears (D:8)
  3 hippogriffs
  Grinder (D:3)
  The ghost of manon the Conjurer, an amateur GrWz (D:4)
  4 hogs (D:9)
  5 yaks (D:10)
  A hungry ghost (D:10)
  A human (D:9)
  2 wargs
  5 orc warriors
  6 ice beasts
  A phantom (D:7)
  A necrophage (D:9)
  4 ogres
  2 centaurs
  The ghost of graki42 the Firebug, an amateur DEFE (D:3)
  12 bullfrogs
  A water moccasin zombie (D:8)
  A scorpion (D:8)
  6 killer bees
  An electric eel (D:8)
  A lava snake (D:9)
  5 crimson imps
  2 jellies (D:9)
  11 orc wizards
  2 quasits
  6 hounds
  7 orc priests
  2 centaur skeletons
  2 bullfrog zombies
  A gnoll shaman (D:7)
  3 iguanas
  Jessica (D:3)
  Ijyb (D:3)
  6 worker ants
  Natasha (twice) (D:3)
  3 hound skeletons
  4 gnolls (D:7)
  16 adders
  A howler monkey skeleton (D:6)
  A white imp (D:8)
  A worker ant simulacrum (D:8)
  An ooze (D:5)
  2 worms
  3 dart slugs
  10 leopard geckos
  42 orcs
  3 bats (D:1)
  7 giant cockroaches
  9 goblins
  8 hobgoblins
  6 jackals
  6 kobolds
  2 quokkas
  4 ball pythons
  A ball python skeleton (D:5)
  10 frilled lizards
  2 quokka skeletons
  3 rats
266 creatures vanquished.

Notes
Turn   | Place    | Note
-------+----------+-------------------------------------------
     0 | D:1      | graki42 the Deep Elf Fire Elementalist began the quest for the Orb.
     0 | D:1      | Reached XP level 1. HP: 10/10 MP: 6/6
   230 | D:1      | Reached XP level 2. HP: 14/15 MP: 6/8
   624 | D:2      | Reached XP level 3. HP: 19/19 MP: 1/10
   629 | D:2      | Learned a level 3 spell: Conjure Flame
   633 | D:2      | Learned a level 3 spell: Inner Flame
   940 | D:2      | Found a sparkling altar of Nemelex Xobeh.
  1214 | D:3      | Found a bloodstained altar of Trog.
  1215 | D:3      | Noticed Jessica
  1216 | D:3      | Found a deep blue altar of Sif Muna.
  1227 | D:3      | Killed Jessica
  1227 | D:3      | Reached skill level 4 in Spellcasting
  1227 | D:3      | Reached XP level 4. HP: 13/24 MP: 6/12
  1429 | D:3      | Noticed Grinder
  1448 | D:3      | Paralysed by Grinder for 3 turns
  1460 | D:4      | Noticed manon's ghost (amateur GrWz)
  1545 | D:4      | Found a glowing drain.
  1558 | Sewer    | Entered a sewer
  1654 | Sewer    | Reached XP level 5. HP: 24/28 MP: 7/13
  1851 | Sewer    | Reached skill level 5 in Spellcasting
  1855 | Sewer    | Reached XP level 6. HP: 7/32 MP: 10/16
  1951 | D:4      | Learned a level 4 spell: Sticky Flame
  2159 | D:4      | Killed manon's ghost
  2159 | D:4      | Reached skill level 6 in Spellcasting
  2159 | D:4      | Reached skill level 5 in Fire Magic
  2558 | D:4      | Noticed an orc warrior
  2570 | D:4      | Reached XP level 7. HP: 12/37 MP: 7/18
  2748 | D:5      | Entered Level 5 of the Dungeon
  2789 | D:3      | Noticed graki42's ghost (amateur DEFE)
  2797 | D:3      | Killed graki42's ghost
  2797 | D:3      | Reached skill level 7 in Spellcasting
  2804 | D:3      | Noticed Ijyb
  2809 | D:3      | Killed Ijyb
  2899 | D:3      | Killed Grinder
  2899 | D:3      | Reached skill level 1 in Hexes
  2966 | D:3      | Reached XP level 8. HP: 28/42 MP: 4/21
  3013 | D:3      | Noticed Natasha
  3021 | D:3      | Killed Natasha
  3036 | D:3      | Noticed Natasha
  3039 | D:3      | Killed Natasha
  3204 | D:5      | Reached skill level 8 in Spellcasting
  3848 | D:6      | Reached skill level 5 in Conjurations
  4232 | D:6      | Reached skill level 9 in Spellcasting
  4352 | D:7      | Reached skill level 1 in Maces & Flails
  4547 | D:7      | Noticed ConnectionFaild's ghost (novice OpFi)
  4564 | D:7      | Killed ConnectionFaild's ghost
  4564 | D:7      | Reached skill level 1 in Fighting
  4564 | D:7      | Reached skill level 1 in Armour
  4564 | D:7      | Reached XP level 9. HP: 47/47 MP: 5/24
  4698 | D:7      | Learned a level 5 spell: Fireball
  4748 | D:7      | Reached skill level 10 in Spellcasting
  4932 | D:7      | Noticed a two-headed ogre
  4947 | D:7      | Killed a two-headed ogre
  5092 | D:7      | Noticed Prince Ribbit
  5178 | D:7      | Killed Prince Ribbit
  5178 | D:7      | Reached XP level 10. HP: 50/52 MP: 10/26
  5278 | D:7      | Found a staircase to the Ecumenical Temple.
  5284 | Temple   | Entered the Ecumenical Temple
  5292 | Temple   | Became a worshipper of Vehumet
  5428 | D:7      | Reached skill level 5 in Dodging
  5592 | D:7      | Reached skill level 11 in Spellcasting
  5735 | D:8      | Noticed Fingolfin's ghost (journeyman FoFi)
  5986 | D:8      | Got a jewelled flail
  5987 | D:8      | Identified the cursed +2 flail "Wyaval" {pain, SInv} (You found it on level 8 of the Dungeon)
  6131 | D:8      | Found Xakyg's Food Shoppe.
  6301 | D:8      | Killed Fingolfin's ghost
  6348 | D:8      | Reached skill level 5 in Stealth
  6348 | D:8      | Reached skill level 10 in Fire Magic
  6602 | D:8      | Found a blossoming altar of Fedhas.
  6794 | D:8      | Paralysed by a hornet for 3 turns
  6865 | D:8      | Reached skill level 12 in Spellcasting
  7301 | D:9      | Reached * piety under Vehumet
  7301 | D:9      | Offered knowledge of Sandblast by Vehumet.
  7301 | D:9      | Reached XP level 11. HP: 56/56 MP: 14/29
  7533 | D:9      | Learned a level 1 spell: Sandblast
  7561 | D:9      | Found a staircase to the Lair.
  7575 | D:9      | Found a glowing silver altar of Zin.
  7812 | D:9      | Found an iron altar of Okawaru.
  7823 | D:9      | Got an ichor-stained scale mail
  7834 | D:9      | Identified the +6 scale mail "Dufus" {Str+4} (You found it on level 9 of the Dungeon)
  8219 | D:9      | Reached skill level 1 in Earth Magic
  8291 | D:10     | Entered Level 10 of the Dungeon
  8419 | D:10     | Offered knowledge of Shock by Vehumet.
  8537 | D:10     | Reached ** piety under Vehumet
  8638 | D:10     | Found a staircase to the Orcish Mines.
  8854 | D:10     | Offered knowledge of Static Discharge by Vehumet.
  8916 | D:10     | Found Laringo's Armour Boutique.
  8936 | D:10     | Reached skill level 13 in Spellcasting
  9591 | D:11     | Noticed Josephine
  9600 | D:10     | Killed from afar by Josephine

Skill      XL: |  1  2  3  4  5  6  7  8  9 10 11 |
---------------+----------------------------------+-----
Conjurations   | 2 3 4 5 6 8 |  8.6
Fire Magic     | 4 5 6 7 9 10 11 | 11.0
Spellcasting   | 4 5 6 7 9 10 12 13 | 13.1
Stealth        | 3 4 5 |  5.2
Dodging        | 3 4 5 |  5.8
Hexes          | 1 2 3 |  3.2
Maces & Flails | 1 |  1.9
Fighting       | 1 |  1.6
Armour         | 1 2 3 |  3.0
Earth Magic    | 1 |  1.9
Staves         | |  0.6

Action                   |  1- 3 |  4- 6 |  7- 9 | 10-12 || total
-------------------------+-------+-------+-------+-------++-------
Melee: Whip              |       |       |   133 |    98 ||   231
       Staff             |       |       |     2 |       ||     2
 Cast: Flame Tongue      |    66 |    72 |   127 |   104 ||   369
       Conjure Flame     |       |     3 |     8 |    16 ||    27
       Inner Flame       |       |     2 |     7 |    11 ||    20
       Sticky Flame      |       |     1 |    26 |    49 ||    76
       Fireball          |       |       |     1 |    28 ||    29
       Sandblast         |       |       |       |    37 ||    37
Evoke: Wand              |       |       |       |     2 ||     2
  Use: Scroll            |       |     8 |     8 |     2 ||    18
       Potion            |       |     2 |       |       ||     2
  Eat: Chunk             |       |     4 |    11 |    16 ||    31
       Royal jelly       |       |       |       |     1 ||     1
       Fruit             |       |       |       |     1 ||     1
Armor: Robe              |     2 |    12 |     7 |       ||    21
       Troll leather arm |       |       |    52 |    73 ||   125
Dodge: Dodged            |    10 |    27 |   120 |   134 ||   291
Block: Other             |       |       |       |     3 ||     3
